 Dungeon Crawl Stone Soup version 0.22-a0-469-gf26638a (webtiles) character file.

58 Alphaeus the Shield-Bearer (level 3, -3/36 HPs)
             Began as a Troll Fighter on June 12, 2018.
             Was an Initiate of Okawaru.
             Slain by a hobgoblin
             ... wielding a cursed -3 club
             ... led by Robin
              (5 damage)
             ... on level 2 of the Dungeon.
             The game lasted 00:02:31 (775 turns).

Alphaeus the Shield-Bearer (Troll Fighter)           Turns: 775, Time: 00:02:32

Health: -3/36      AC:  5    Str: 24    XL:     3   Next: 76%
Magic:  2/2        EV:  8    Int:  4    God:    Okawaru [......]
Gold:   74         SH:  9    Dex: 10    Spells: 2/2 levels left

rFire    + . .     SeeInvis .     - Unarmed
rCold    . . .     Gourm    +   b - +0 shield
rNeg     . . .     Faith    .   a - +0 robe
rPois    .         Spirit   .   (helmet restricted)
rElec    .         Reflect  .   (no cloak)
rCorr    .         Harm     .   (gloves unavailable)
MR       .....                  (boots unavailable)
Stlth    +.........             i - amulet of the acrobat
HPRegen  0.52/turn              l - ring of protection from fire
MPRegen  0.08/turn              (no ring)

@: no status effects
A: large, unfitting armour, claws 3, fast metabolism 3, gourmand, regeneration
1, shaggy fur 1, tough skin 2
a: Renounce Religion


You were on level 2 of the Dungeon.
You worshipped Okawaru.
Okawaru was noncommittal.
You were full.

You visited 1 branch of the dungeon, and saw 2 of its levels.

You collected 74 gold pieces.

Inventory:

Armour
 a - a +0 robe (worn)
 b - a +0 shield (worn)
Jewellery
 i - an amulet of the acrobat (around neck)
 l - a ring of protection from fire (left claw)
Scrolls
 f - a scroll of teleportation {unknown}
Potions
 c - a potion of might
Comestibles
 d - 8 rations


   Skills:
 + Level 2.6 Fighting
 * Level 1.2 Armour
 + Level 2.6 Dodging
 * Level 2.9 Shields
 * Level 2.7 Unarmed Combat


You had 2 spell levels left.
You didn't know any spells.
Your spell library was empty.

Dungeon Overview and Level Annotations

Branches:
Dungeon (2/15)

Altars:
Okawaru


Innate Abilities, Weirdness & Mutations

You are too large for most types of armour.
You have claws for hands.
Your metabolism is lightning-fast.
You like to eat raw meat.
Your natural rate of healing is unusually fast.
You are covered in fur. (AC +1)
You have very tough skin. (AC +2)


Message History

Robin hits you but does no damage. The hobgoblin hits you with a club.
* * * LOW HITPOINT WARNING * * *
You block the hobgoblin's attack.
You scratch Robin.
Robin is severely wounded.
Robin drinks a potion.
Robin is healed!
You block the hobgoblin's attack.
The hobgoblin hits you but does no damage.
You scratch Robin.
Robin is lightly wounded.
You feel sick.
You are no longer poisoned.
Robin says, "My goblins will feast on your bones."
Robin completely misses you. The hobgoblin barely misses you.
The hobgoblin hits you but does no damage.
You claw Robin!
You kill Robin!
Okawaru accepts your kill.
The hobgoblin no longer looks unusually strong.
You block the hobgoblin's attack. The hobgoblin hits you with a club.
You die...

#.......#...# #..<...#
####
#.##.#)...###..####
.................... .
................## ..
...........#.#...## ...
.........))#..[...#....
.........g.###.........
........sg@.###..###...
..!.#....#))....%......
##...#.####....)......
..... #...)!......
..........).........
... .#..#......#....
... .......[........
........[.......
............####


You could see a giant cockroach and 2 hobgoblins.

Vanquished Creatures
  Robin (D:2)
  2 adders (D:2)
  2 giant cockroaches
  12 goblins
  3 hobgoblins
  A quokka (D:2)
  2 bats (D:1)
  A frilled lizard (D:1)
  4 kobolds (D:1)
  A rat (D:1)
29 creatures vanquished.

Notes
Turn   | Place    | Note
-------+----------+-------------------------------------------
     0 | D:1      | Alphaeus the Troll Fighter began the quest for the Orb.
     0 | D:1      | Reached XP level 1. HP: 22/22 MP: 0/0
   134 | D:1      | Found an iron altar of Okawaru.
   182 | D:1      | Became a worshipper of Warmaster Okawaru
   398 | D:1      | Reached XP level 2. HP: 29/29 MP: 1/1
   728 | D:2      | Noticed Robin
   730 | D:2      | Reached skill level 1 in Armour
   730 | D:2      | Reached XP level 3. HP: 36/36 MP: 2/2
   770 | D:2      | HP: 1/36 [poisoned by an adder]
   775 | D:2      | Killed Robin
   775 | D:2      | Slain by a hobgoblin

Vault maps used:
D:1:      minmay_arrival_solitary_statue, okawaru_ov_weapons_minmay
D:2:      chequers_temple_overflow_statue_of_worship, first_ration, uniq_robin

Skill      XL: |  1  2 |
---------------+-------+-----
Armour         | 1 |  1.2
Fighting       | |  2.6
Dodging        | |  2.6
Shields        | |  2.9
Unarmed Combat | |  2.7

Action                   || total
-------------------------++-------
Melee: Unarmed           ||    86
  Use: Scroll            ||     4
       Potion            ||     1
  Eat: Chunk             ||    10
Armor: Robe              ||    42
Dodge: Dodged            ||    77
Block: Shield            ||    62

Table legend:
 A = Spawn XP
 B = Non-spawn XP
 C = Spawn XP percentage of total XP
 D = Spawn monster count
 E = Non-spawn monster count
 F = Spawn count percentage of total count
 G = Total turns spent on level
                    A         B        C        D         E        F      G
               +---------+---------+-------+---------+---------+-------+---------
         Total |       0 |      84 |   0.0 |       0 |      29 |   0.0 |   775
               +---------+---------+-------+---------+---------+-------+---------
           D:1 |       0 |      17 |   0.0 |       0 |      12 |   0.0 |   671
           D:2 |       0 |      67 |   0.0 |       0 |      17 |   0.0 |   104
               +---------+---------+-------+---------+---------+-------+---------
